 Dungeon Crawl Stone Soup version 0.24-a0-769-g368c1644f8 (webtiles) character file.

Game seed: 3155521027994857976, levelgen mode: deterministic

199 Gargoyl the Skirmisher (level 5, 0/46 HPs)
             Began as a Centaur Abyssal Knight on Oct 6, 2019.
             Was a Believer of Lugonu.
             Slain by Sigmund
             ... wielding a +0 scythe
              (10 damage)
             ... on level 2 of the Dungeon.
             The game lasted 00:04:54 (2781 turns).

Gargoyl the Skirmisher (Centaur Abyssal Knight)     Turns: 2781, Time: 00:04:54

Health: 0/46       AC:  9    Str: 15    XL:     5   Next: 48%
Magic:  7/7        EV:  7    Int: 13    God:    Lugonu [**....]
Gold:   162        SH:  0    Dex:  9    Spells: 4/4 levels left

rFire    . . .     SeeInvis .   d - +2 hand axe (elec)
rCold    + . .     Gourm    .   (no shield)
rNeg     . . .     Faith    .   h - +1 scale mail {rC+}
rPois    .         Spirit   .   (no helmet)
rElec    .         Reflect  .   n - +0 cloak
rCorr    .         Harm     .   k - +0 pair of gloves
MR       .....                  (no barding)
Stlth    ..........             e - amulet of the acrobat
HPRegen  0.15/turn              g - ring of stealth
MPRegen  0.10/turn              m - +2 ring of intelligence

@: confused, very quick
A: large, hooves 3, deformed body, speed 2, tough skin 3
a: Depart the Abyss, Bend Space, Renounce Religion


You were on level 2 of the Dungeon.
You worshipped Lugonu.
Lugonu was pleased with you.
You were very hungry.

You visited 1 branch of the dungeon, and saw 3 of its levels.
You visited the Abyss 1 time.

You collected 162 gold pieces.

Inventory:

Hand Weapons
 a - a +1 hand axe
 d - a +2 hand axe of electrocution (weapon)
 o - a +0 war axe
Missiles
 l - 6 boomerangs (quivered)
Armour
 h - a +1 scale mail of cold resistance (worn)
 k - a +0 pair of gloves (worn)
 n - a +0 cloak (worn)
Jewellery
 e - an amulet of the acrobat (around neck)
 g - a ring of stealth (left hand)
 m - a +2 ring of intelligence (right hand)
Scrolls
 b - 5 scrolls of identify
 f - a scroll of remove curse
 j - a scroll of teleportation {unknown}
Comestibles
 c - 6 rations


   Skills:
 + Level 4.0 Fighting
 + Level 3.2 Axes
 * Level 2.1 Armour
 * Level 1.5 Dodging
 * Level 2.9 Invocations


You had 4 spell levels left.
You didn't know any spells.
Your spell library was empty.

Dungeon Overview and Level Annotations

Branches:
Dungeon (3/15)

Altars:
Fedhas
Kikubaaqudgha
Okawaru

Annotations:
D:2 Sigmund


Innate Abilities, Weirdness & Mutations

You have hooves in place of feet.
Armour fits poorly on your strangely shaped body.
You cover ground very quickly.
You have extremely tough skin. (AC +3)


Message History

You miss something. Something hits you but does no damage.
You feel much better.
You hear some strange, mumbled words.
Something tries to affect you, but you resist.
Something hits you.
You miss something.
You hear some strange, mumbled words.
A puff of flame appears from out of thin air!
The puff of flame hits you!
You closely miss something.
You feel yourself speed up. Something hits you.
You hit something. Something completely misses you.
You closely miss something.
You hear some strange, mumbled words.
You are confused.
You barely miss something. Your kick misses something. Something hits you!
* * * LOW HITPOINT WARNING * * *
You barely miss something. Your kick misses something. Something hits you!
You die...

#.# #..................
#.###########.###########.#.###
###.#...........# #.#.#
..(>..########### #.#.# ###...#
#.#.# ......# #.#.# ###..## ###
#.#.# #.)# ##.#########.#.#
###..# ##@.............# .....#
###{†...#######.###
####.########........# #.#
..(...........#.....## #.#
...................## #.#
.###.###########....#######.#
.# #.# #.##.#.......# .###.#
#..._..####### .....# ####.#.#


There were no monsters in sight!

Vanquished Creatures
  Crazy Yiuf (D:2)
  Natasha (D:2)
  5 gnolls (D:2)
  2 adders (D:3)
  An ooze (D:1)
  4 dart slugs
  2 leopard geckos (D:3)
  3 orcs
  A ball python (D:2)
  2 giant cockroaches
  4 goblins
  9 hobgoblins
  5 jackals (D:2)
  9 kobolds
  A quokka (D:2)
  4 bats
  2 frilled lizards (D:1)
  5 rats
  A fungus (D:2)
  A lurking horror (Abyss:2)
63 creatures vanquished.

Notes
Turn   | Place    | Note
-------+----------+-------------------------------------------
     0 | Abyss:1  | Gargoyl the Centaur Abyssal Knight began the quest for the
                  | Orb.
     0 | Abyss:1  | Reached XP level 1. HP: 19/19 MP: 2/2
    60 | Abyss:1  | Noticed an ancient zyme
    87 | Abyss:2  | Noticed a worldbinder
    90 | Abyss:2  | Noticed a deep elf archer
    93 | Abyss:2  | Noticed a deep elf mage
   110 | Abyss:2  | Noticed a deep elf mage
   116 | Abyss:2  | Noticed a lich
   119 | Abyss:3  | Noticed a large abomination
   171 | Abyss:3  | Noticed a red devil
   172 | D:1      | Escaped the Abyss
   206 | D:1      | Reached * piety under Lugonu
   208 | D:1      | Reached XP level 2. HP: 11/26 MP: 3/3
   217 | D:1      | Reached skill level 1 in Dodging
   707 | D:1      | Reached XP level 3. HP: 31/31 MP: 4/4
  1672 | D:2      | Reached XP level 4. HP: 38/38 MP: 5/5
  1851 | D:2      | Found an ancient bone altar of Kikubaaqudgha.
  1901 | D:2      | Found an iron altar of Okawaru.
  1905 | D:2      | Reached ** piety under Lugonu
  2171 | D:2      | Found a blossoming altar of Fedhas.
  2256 | D:2      | Found a runed translucent door.
  2257 | D:2      | Noticed Crazy Yiuf
  2266 | D:2      | Killed Crazy Yiuf
  2266 | D:2      | Reached XP level 5. HP: 25/46 MP: 3/7
  2628 | D:3      | Noticed Sigmund
  2630 | D:3      | Noticed Natasha
  2768 | D:2      | Killed Natasha
  2768 | D:2      | Reached skill level 4 in Fighting
  2781 | D:2      | Slain by Sigmund

Levels and vault maps discovered:
D:1:      psy_arrival_radial02, layout_rooms, minmay_hexomino_c4
D:2:      layout_loops_ring, okawaru_altar_gauntlet_db, marbit_many_paths,
          lemuel_crystal_altar, uniq_crazy_yiuf_cottage
D:3:      layout_basic, makhleb_altar_promises_db, st_stairs_1,
          minmay_strange_pillars, chequers_arboretum, uniq_natasha, uniq_sigmund

Skill      XL: |  1  2  3  4  5 |
---------------+----------------+-----
Dodging        | 1 |  1.5
Axes           | 2 3 |  3.2
Armour         | 2 |  2.1
Fighting       | 4 |  4.0
Invocations    | |  2.9

Action                   |  1- 3 |  4- 6 || total
-------------------------+-------+-------++-------
Melee: Hand axe          |    88 |    75 ||   163
       Kick              |    11 |    15 ||    26
Throw: Boomerang         |       |     1 ||     1
Invok: Depart the Abyss  |     1 |       ||     1
Evoke: Fan of gales      |     1 |       ||     1
  Use: Scroll            |     6 |       ||     6
       Potion            |       |     1 ||     1
  Eat: Ration            |     1 |       ||     1
Armor: Leather armour    |     9 |       ||     9
       Scale mail        |    38 |    35 ||    73
Dodge: Dodged            |    38 |    36 ||    74

Table legend:
 A = Non-vault XP
 B = Vault XP
 C = Vault XP percentage of total XP
 D = Non-vault monster count
 E = Vault monster count
 F = Vault count percentage of total count
                 A         B        C        D         E       F
            +---------+---------+-------+---------+---------+-------
      Total |     163 |     122 |  42.8 |      44 |      17 |  27.9
            +---------+---------+-------+---------+---------+-------
        D:1 |      26 |      17 |  39.5 |      13 |       8 |  38.1
        D:2 |     100 |     105 |  51.2 |      25 |       9 |  26.5
        D:3 |      37 |       0 |   0.0 |       6 |       0 |   0.0
            +---------+---------+-------+---------+---------+-------
